3AAA
ALLOWAY HALBERDS @ TORTOLITA DRUMMERS
06/21/2033
 
TOP OF THE 1ST
Alloway Halberds batting - Pitching for Tortolita Drummers : RHP Oswaldo Mobray
Pitching: RHP Oswaldo Mobray
Batting: RHB Jordan Hollins 0-0: Ground out 6-3 (Groundball, 6S)
Batting: RHB Kelly Harris 0-0: Called Strike
0-1: Ball
1-1: Ball
2-1: Fly out, F7 (Flyball, 78M)
Batting: LHB Mike Clifton 0-0: Foul Ball, location: 2F
0-1: Ball
1-1: Foul Ball, location: 2F
1-2: Fly out, F6 (Line Drive, 6)
Top of the 1st over - 0 runs, 0 hits, 0 errors, 0 left on base; Alloway 0 - Tortolita 0
BOTTOM OF THE 1ST
Tortolita Drummers batting - Pitching for Alloway Halberds : RHP Joel Farrell
Pitching: RHP Joel Farrell
Batting: RHB Lu-fang Koo 0-0: Called Strike
0-1: Ball
1-1: Bunted foul
1-2: Foul Ball, location: 2F
1-2: Foul Ball, location: 2F
1-2: Fly out, F7 (Flyball, 7)
Batting: RHB Ricardo Pacheco 0-0: Swinging Strike
0-1: Foul Ball, location: 2F
0-2: Ball
1-2: Foul Ball, location: 2F
1-2: Ball
2-2: SINGLE (Groundball, 4M) (infield hit)
Batting: LHB Glen Allen Mixon 0-0: Swinging Strike
0-1: Ground out 3-1 (Groundball, 34S)
Ricardo Pacheco to second
Batting: SHB Javier Vázquez 0-0: Ball
1-0: Called Strike
1-1: Ball
2-1: Foul Ball, location: 2F
2-2: Foul Ball, location: 2F
2-2: Ball
3-2: TRIPLE (Line Drive, 9D)
Ricardo Pacheco scores
Batting: RHB Otis Brewer 0-0: SINGLE (Line Drive, 78S)
Javier Vázquez scores
Batting: RHB Vincent Klein 0-0: Called Strike
Otis Brewer is caught stealing 2nd base
Bottom of the 1st over - 2 runs, 3 hits, 0 errors, 0 left on base; Alloway 0 - Tortolita 2
TOP OF THE 2ND
Alloway Halberds batting - Pitching for Tortolita Drummers : RHP Oswaldo Mobray
Batting: RHB Manny Gonzáles 0-0: Ball
1-0: Ground out 1-3 (Groundball, 15S)
Batting: LHB José Zarate 0-0: Ball
1-0: Ball
2-0: Ball
3-0: Called Strike
3-1: DOUBLE (Line Drive, 9D)
Batting: RHB Juan Salinas 0-0: Called Strike
0-1: Ball
1-1: Foul Ball, location: 2F
1-2: Foul Ball, location: 2F
1-2: Foul Ball, location: 2F
1-2: Ground out 6-3 (Groundball, 6)
Batting: RHB Carlos Ramírez 0-0: Ball
1-0: Foul Ball, location: 2F
1-1: Ball
2-1: DOUBLE (Line Drive, 9LM)
José Zarate scores
Batting: RHB Bass Reeves 0-0: Ball
1-0: Ball
2-0: Foul Ball, location: 2F
2-1: Foul Ball, location: 2F
2-2: Strikes out swinging
Top of the 2nd over - 1 run, 2 hits, 0 errors, 1 left on base; Alloway 1 - Tortolita 2
BOTTOM OF THE 2ND
Tortolita Drummers batting - Pitching for Alloway Halberds : RHP Joel Farrell
Batting: RHB Vincent Klein 0-0: Ball
1-0: Ball
2-0: Ball
3-0: Base on Balls
Batting: LHB Alberto Garza 0-0: Foul Ball, location: 2F
0-1: Ball
1-1: Ball
2-1: Ball
3-1: Grounds into double play, 6-4-3 (Groundball, 6)
Batting: RHB Colby King 0-0: Foul Ball, location: 2F
0-1: Foul Ball, location: 2F
0-2: Foul Ball, location: 2F
0-2: Strikes out looking
Bottom of the 2nd over - 0 runs, 0 hits, 0 errors, 0 left on base; Alloway 1 - Tortolita 2
TOP OF THE 3RD
Alloway Halberds batting - Pitching for Tortolita Drummers : RHP Oswaldo Mobray
Batting: RHB Jorge López 0-0: Foul Ball, location: 2F
0-1: Ball
1-1: Foul Ball, location: 2F
1-2: Ball
2-2: Ball
3-2: Fly out, F7 (Flyball, 7S)
Batting: RHB Jordan Hollins 0-0: Called Strike
0-1: Foul Ball, location: 2F
0-2: Strikes out looking
Batting: RHB Kelly Harris 0-0: Ball
1-0: Ball
2-0: Ball
3-0: Called Strike
3-1: Base on Balls
Batting: LHB Mike Clifton 0-0: Ball
1-0: Ball
2-0: Ball
3-0: Swinging Strike
3-1: Ground out 4-3 (Groundball, 4)
Top of the 3rd over - 0 runs, 0 hits, 0 errors, 1 left on base; Alloway 1 - Tortolita 2
BOTTOM OF THE 3RD
Tortolita Drummers batting - Pitching for Alloway Halberds : RHP Joel Farrell
Batting: SHB Marcos Roa 0-0: Called Strike
0-1: Foul Ball, location: 2F
0-2: Fly out, F7 (Flyball, 7D)
Batting: RHB Lu-fang Koo 0-0: Foul Ball, location: 2F
0-1: Foul Ball, location: 2F
0-2: Foul Ball, location: 2F
0-2: Ball
1-2: Foul Ball, location: 2F
1-2: Ground out 6-3 (Groundball, 6)
Batting: RHB Ricardo Pacheco 0-0: Ball
1-0: Called Strike
1-1: Ball
2-1: Fly out, F4 (Popup, 4M)
Bottom of the 3rd over - 0 runs, 0 hits, 0 errors, 0 left on base; Alloway 1 - Tortolita 2
TOP OF THE 4TH
Alloway Halberds batting - Pitching for Tortolita Drummers : RHP Oswaldo Mobray
Batting: RHB Manny Gonzáles 0-0: Reached on error, E4 (Groundball, 4D)
Batting: LHB José Zarate 0-0: Ball
1-0: Grounds into double play, 4-6-3 (Groundball, 4)
Batting: RHB Juan Salinas 0-0: Ball
1-0: Fly out, F7 (Flyball, 7LD)
Top of the 4th over - 0 runs, 0 hits, 1 error, 0 left on base; Alloway 1 - Tortolita 2
BOTTOM OF THE 4TH
Tortolita Drummers batting - Pitching for Alloway Halberds : RHP Joel Farrell
Batting: LHB Glen Allen Mixon 0-0: Foul Ball, location: 2F
0-1: Ground out 4-3 (Groundball, 4)
Batting: SHB Javier Vázquez 0-0: Foul Ball, location: 2F
0-1: Ground out 6-3 (Groundball, 6)
Batting: RHB Otis Brewer 0-0: Fly out, F7 (Flyball, 78S)
Bottom of the 4th over - 0 runs, 0 hits, 0 errors, 0 left on base; Alloway 1 - Tortolita 2
TOP OF THE 5TH
Alloway Halberds batting - Pitching for Tortolita Drummers : RHP Oswaldo Mobray
Batting: RHB Carlos Ramírez 0-0: Swinging Strike
0-1: Fly out, F8 (Flyball, 8LM)
Batting: RHB Bass Reeves 0-0: Ball
1-0: Called Strike
1-1: Ball
2-1: Ball
3-1: Base on Balls
Batting: RHB Jorge López 0-0: Ball
1-0: Foul Ball, location: 2F
1-1: Foul Ball, location: 2F
1-2: Ball
2-2: Strikes out swinging
Batting: RHB Jordan Hollins 0-0: Ball
1-0: Swinging Strike
1-1: Foul Ball, location: 2F
1-2: Ball
2-2: Foul Ball, location: 2F
2-2: Ball
3-2: Base on Balls
Bass Reeves to second
Batting: RHB Kelly Harris 0-0: Ball
1-0: Foul Ball, location: 2F
1-1: Foul Ball, location: 2F
1-2: Strikes out swinging
Top of the 5th over - 0 runs, 0 hits, 0 errors, 2 left on base; Alloway 1 - Tortolita 2
BOTTOM OF THE 5TH
Tortolita Drummers batting - Pitching for Alloway Halberds : RHP Joel Farrell
Batting: RHB Vincent Klein 0-0: DOUBLE (Flyball, 78D)
Batting: LHB Alberto Garza 0-0: Bunted foul
0-1: Sac Bunt - play at first, batter OUT! 3-4
Vincent Klein to third
Batting: RHB Colby King 0-0: Swinging Strike
0-1: Swinging Strike
0-2: Ball
1-2: Strikes out swinging
Batting: SHB Marcos Roa 0-0: Swinging Strike
0-1: Foul Ball, location: 2F
0-2: Ball
1-2: Strikes out looking
Bottom of the 5th over - 0 runs, 1 hit, 0 errors, 1 left on base; Alloway 1 - Tortolita 2
TOP OF THE 6TH
Alloway Halberds batting - Pitching for Tortolita Drummers : RHP Oswaldo Mobray
Batting: LHB Mike Clifton 0-0: Called Strike
0-1: Swinging Strike
0-2: Ball
1-2: Ball
2-2: Ground out 4-3 (Groundball, 4MS)
Batting: RHB Manny Gonzáles 0-0: Called Strike
0-1: Fly out, F8 (Flyball, 8LS)
Batting: LHB José Zarate 0-0: Ball
1-0: Called Strike
1-1: Ball
2-1: Ball
3-1: Base on Balls
Batting: RHB Juan Salinas 0-0: Ball
1-0: Ball
2-0: Ball
3-0: Base on Balls
José Zarate to second
Batting: RHB Carlos Ramírez 0-0: SINGLE (Groundball, 15S) (infield hit)
José Zarate to third
Juan Salinas to second
Batting: RHB Bass Reeves 0-0: SINGLE (Groundball, 56D)
José Zarate scores
Juan Salinas to third
Carlos Ramírez to second
Runner from 3rd tries for Home, SAFE, no throw
Batting: RHB Jorge López 0-0: Ball
1-0: 3-RUN HOME RUN (Line Drive, 7LD), Distance : 334 ft
Pitching: RHP Mark Sinclair
Batting: RHB Jordan Hollins 0-0: Ball
1-0: Called Strike
1-1: SINGLE (Flyball, 7S)
Batting: RHB Kelly Harris 0-0: Called Strike
0-1: Ball
1-1: Ball
2-1: Swinging Strike
2-2: Strikes out swinging
Top of the 6th over - 5 runs, 4 hits, 0 errors, 1 left on base; Alloway 6 - Tortolita 2
BOTTOM OF THE 6TH
Tortolita Drummers batting - Pitching for Alloway Halberds : RHP Joel Farrell
Batting: RHB Lu-fang Koo 0-0: Swinging Strike
0-1: Ball
1-1: Ground out 4-3 (Groundball, 4)
Batting: RHB Ricardo Pacheco 0-0: Fly out, F9 (Flyball, 9)
Batting: LHB Glen Allen Mixon 0-0: Called Strike
0-1: Swinging Strike
0-2: Fly out, F3 (Popup, 3S)
Bottom of the 6th over - 0 runs, 0 hits, 0 errors, 0 left on base; Alloway 6 - Tortolita 2
TOP OF THE 7TH
Alloway Halberds batting - Pitching for Tortolita Drummers : RHP Mark Sinclair
Batting: LHB Mike Clifton 0-0: Called Strike
0-1: Ball
1-1: Ball
2-1: Ball
3-1: Base on Balls
Batting: RHB Manny Gonzáles 0-0: 2-RUN HOME RUN (Flyball, 78XD), Distance : 402 ft
Batting: LHB José Zarate 0-0: Ball
1-0: Called Strike
1-1: SINGLE (Groundball, 6D)
Batting: RHB Juan Salinas 0-0: Foul Ball, location: 2F
0-1: 2-RUN HOME RUN (Flyball, 78XD) (Inside the Park)
Batting: RHB Carlos Ramírez 0-0: Ground out 5-3 (Groundball, 56S)
Batting: RHB Bass Reeves 0-0: Called Strike
0-1: Called Strike
0-2: SINGLE (Groundball, 6MD)
Batting: RHB Jorge López 0-0: Called Strike
0-1: Foul Ball, location: 2F
0-2: Fly out, F7 (Flyball, 78S)
Batting: RHB Jordan Hollins 0-0: Called Strike
0-1: Ball
1-1: Fielders Choice at 2nd, 5-4 (Groundball, 56)
Top of the 7th over - 4 runs, 4 hits, 0 errors, 1 left on base; Alloway 10 - Tortolita 2
BOTTOM OF THE 7TH
Tortolita Drummers batting - Pitching for Alloway Halberds : RHP Joel Farrell
Now in RF: Stewart Ralston
Batting: SHB Javier Vázquez 0-0: Foul Ball, location: 2F
0-1: Ball
1-1: Swinging Strike
1-2: Ball
2-2: Ball
3-2: Foul Ball, location: 2F
3-2: Ground out 6-3 (Groundball, 6M)
Batting: RHB Otis Brewer 0-0: Fly out, F7 (Line Drive, 7LM)
Batting: RHB Vincent Klein 0-0: Ball
1-0: Called Strike
1-1: Ball
2-1: Ground out 3-1 (Groundball, 34)
Bottom of the 7th over - 0 runs, 0 hits, 0 errors, 0 left on base; Alloway 10 - Tortolita 2
TOP OF THE 8TH
Alloway Halberds batting - Pitching for Tortolita Drummers : RHP Mark Sinclair
Batting: RHB Kelly Harris 0-0: Ball
1-0: Foul Ball, location: 2F
1-1: Ball
2-1: Swinging Strike
2-2: Foul Ball, location: 2F
2-2: Ball
3-2: Fly out, F8 (Flyball, 8LD)
Batting: LHB Mike Clifton 0-0: Swinging Strike
0-1: Ball
1-1: Ground out 4-3 (Groundball, 4)
Batting: RHB Manny Gonzáles 0-0: Ground out 6-3 (Groundball, 6S)
Top of the 8th over - 0 runs, 0 hits, 0 errors, 0 left on base; Alloway 10 - Tortolita 2
BOTTOM OF THE 8TH
Tortolita Drummers batting - Pitching for Alloway Halberds : RHP Joel Farrell
Batting: LHB Alberto Garza 0-0: Swinging Strike
0-1: Ground out 6-3 (Groundball, 6MS)
Batting: RHB Colby King 0-0: Called Strike
0-1: Foul Ball, location: 2F
0-2: Foul Ball, location: 2F
0-2: Strikes out swinging
Batting: SHB Marcos Roa 0-0: Ball
1-0: Ball
2-0: Ball
3-0: Called Strike
3-1: Swinging Strike
3-2: Ground out U3 (Groundball, 3)
Bottom of the 8th over - 0 runs, 0 hits, 0 errors, 0 left on base; Alloway 10 - Tortolita 2
TOP OF THE 9TH
Alloway Halberds batting - Pitching for Tortolita Drummers : RHP Mark Sinclair
Pitching: RHP Briggs Bourgeois
Batting: LHB José Zarate 0-0: Swinging Strike
0-1: Called Strike
0-2: Foul Ball, location: 2F
0-2: Foul Ball, location: 2F
0-2: Strikes out swinging
Batting: RHB Juan Salinas 0-0: Ball
1-0: Foul Ball, location: 2F
1-1: Called Strike
1-2: Strikes out swinging
Pinch Hitting: RHB Carlos Ávila 0-0: Ball
1-0: Swinging Strike
1-1: Swinging Strike
1-2: Foul Ball, location: 2F
1-2: Foul Ball, location: 2F
1-2: Strikes out swinging, 2-3 out at first.
Top of the 9th over - 0 runs, 0 hits, 0 errors, 0 left on base; Alloway 10 - Tortolita 2
BOTTOM OF THE 9TH
Tortolita Drummers batting - Pitching for Alloway Halberds : RHP Joel Farrell
Now at 2B: Christovăo Galho
Batting: RHB Lu-fang Koo 0-0: Ball
1-0: Called Strike
1-1: Ball
2-1: Ball
3-1: Ground out 4-3 (Groundball, 4)
Batting: RHB Ricardo Pacheco 0-0: Ball
1-0: Ball
2-0: Foul Ball, location: 2F
2-1: Foul Ball, location: 2F
2-2: Ball
3-2: SINGLE (Groundball, 34S) (infield hit)
Batting: LHB Glen Allen Mixon 0-0: Ball
1-0: Foul Ball, location: 2F
1-1: Called Strike
1-2: Fly out, F7 (Flyball, 78D)
Batting: SHB Javier Vázquez 0-0: Foul Ball, location: 2F
0-1: Ball
1-1: Swinging Strike
1-2: Ball
2-2: Foul Ball, location: 2F
2-2: Strikes out swinging
Bottom of the 9th over - 0 runs, 1 hit, 0 errors, 1 left on base; Alloway 10 - Tortolita 2
Saturday, December 22nd, 2018 - OOTP Baseball 18.8 Build 76